 Dungeon Crawl Stone Soup version 0.22-a0-448-g1fb7470 (webtiles) character file.

122 pk666 the Magician (level 4, 0/24 HPs)
             Began as a Deep Elf Fire Elementalist on June 4, 2018.
             Slain by a gnoll (7 damage)
             ... on level 3 of the Dungeon.
             The game lasted 00:04:50 (2822 turns).

pk666 the Magician (Deep Elf Fire Elementalist)     Turns: 2822, Time: 00:04:50

Health: 0/24       AC:  2    Str:  5    XL:     4   Next: 78%
Magic:  2/12       EV: 13    Int: 21    God:
Gold:   108        SH:  0    Dex: 15    Spells: 11/12 levels left

rFire    . . .     SeeInvis .   m - +0 dagger
rCold    . . .     Gourm    .   (no shield)
rNeg     . . .     Faith    .   a - +0 robe
rPois    .         Spirit   .   (no helmet)
rElec    .         Reflect  .   (no cloak)
rCorr    .         Harm     .   (no gloves)
MR       .....                  (no boots)
Stlth    ++........             (no amulet)
HPRegen  0.08/turn              (no ring)
MPRegen  0.13/turn              (no ring)

@: very slightly contaminated
A: no striking features
a: no special abilities


You were on level 3 of the Dungeon.
You were not hungry.

You visited 1 branch of the dungeon, and saw 3 of its levels.

You collected 108 gold pieces.

Inventory:

Hand Weapons
 m - a +0 dagger (weapon)
Armour
 a - a +0 robe (worn)
Jewellery
 b - a cursed amulet of inaccuracy {unknown}
 d - an uncursed ring of wizardry {unknown}
 i - an uncursed ring of see invisible {unknown}
Scrolls
 f - a scroll of random uselessness {unknown}
 k - 6 scrolls of identify {unknown}
 p - a scroll of teleportation {unknown}
 q - a scroll of noise {unknown}
Potions
 e - a potion of brilliance {unknown}
 g - 2 potions of curing {unknown}
 h - a potion of agility {unknown}
 j - a potion of lignification {unknown}
 l - a potion of resistance {unknown}
 n - a potion of heal wounds {unknown}
Comestibles
 c - 8 rations
 o - 3 chunks of flesh


   Skills:
 - Level 2.4 Dodging
 - Level 2.4 Stealth
 + Level 4.7 Spellcasting
 + Level 3.0 Conjurations
 + Level 4.4 Fire Magic


You had 11 spell levels left.
You knew the following spells:

 Your Spells              Type           Power        Failure   Level  Hunger
a - Flame Tongue          Conj/Fire      ###..        2%          1    None

Your spell library contained the following spells:

 Spells                   Type           Power        Failure   Level  Hunger
 Fireball                 Conj/Fire      ###.......   56%         5    ######.
 Conjure Flame            Conj/Fire      ###.....     8%          3    ##.....
 Throw Flame              Conj/Fire      ###...       3%          2    #......
 Sticky Flame             Conj/Fire      ###.....     24%         4    ####...
 Inner Flame              Hex/Fire       ##......     14%         3    ##.....


Dungeon Overview and Level Annotations

Branches:
Dungeon (3/15)

Altars:
Ashenzari
Okawaru
Xom


Message History

The flame tongue misses the gnoll.
Casting: Flame Tongue (safe; 2% risk of failure)
Confirm with . or Enter, or press ? or * to list all spells.
Aiming: Flame Tongue (safe; 2% risk of failure)
Press: ? - help, Shift-Dir - straight line, f/p - gnoll
Aim: a gnoll The flame tongue hits the gnoll.
The gnoll is moderately wounded.
The gnoll hits you.
Casting: Flame Tongue (safe; 2% risk of failure)
Confirm with . or Enter, or press ? or * to list all spells.
Aiming: Flame Tongue (safe; 2% risk of failure)
Press: ? - help, Shift-Dir - straight line, f/p - gnoll
Aim: a gnoll (moderately wounded)
The flame tongue hits the gnoll.
The gnoll is almost dead.
The gnoll hits you from afar with a spear.
* * * LOW HITPOINT WARNING * * *
The gnoll hits you!
You die...

#.##.#
#.. #.#
#<# #.#
#.#####
#.....#
#####.#
#.# #@#
#...gg.#
#.######


You could see 2 gnolls.

Vanquished Creatures
  Terence (D:2)
  2 gnolls (D:3)
  An adder (D:2)
  An ooze (D:2)
  3 dart slugs
  2 leopard geckos
  5 giant cockroaches
  10 hobgoblins
  4 kobolds
  A quokka (D:3)
  A ball python (D:2)
  5 bats
  11 frilled lizards
  5 goblins (D:1)
  8 rats
60 creatures vanquished.

Notes
Turn   | Place    | Note
-------+----------+-------------------------------------------
     0 | D:1      | pk666 the Deep Elf Fire Elementalist began the quest for the Orb.
     0 | D:1      | Reached XP level 1. HP: 10/10 MP: 6/6
   323 | D:1      | Reached XP level 2. HP: 4/15 MP: 0/8
  1054 | D:1      | Reached XP level 3. HP: 19/19 MP: 7/10
  2058 | D:2      | Found an iron altar of Okawaru.
  2058 | D:2      | Found a shimmering altar of Xom.
  2086 | D:2      | Reached XP level 4. HP: 24/24 MP: 9/12
  2166 | D:2      | Found a shattered altar of Ashenzari.
  2287 | D:2      | Noticed Terence
  2294 | D:2      | Killed Terence
  2822 | D:3      | Slain by a gnoll

Vault maps used:
D:1:      minmay_arrival_four_loops, minmay_lizard_king
D:2:      ashenzari_conservatory_becter, gammafunk_temple_overflow_pools,
          uniq_terence
D:3:      lemuel_blue_sif_altar, uniq_sigmund

Skill      XL: |  1  2  3  4 |
---------------+-------------+-----
Conjurations   | 2 3 |  3.0
Spellcasting   | 4 |  4.7
Fire Magic     | 4 |  4.4
Dodging        | |  2.4
Stealth        | |  2.4

Action                   |  1- 3 |  4- 6 || total
-------------------------+-------+-------++-------
Melee: Unarmed           |    11 |       ||    11
 Cast: Flame Tongue      |    84 |    29 ||   113
  Eat: Chunk             |     3 |     3 ||     6
Armor: Robe              |     3 |       ||     3
Dodge: Dodged            |    24 |     3 ||    27

Table legend:
 A = Spawn XP
 B = Non-spawn XP
 C = Spawn XP percentage of total XP
 D = Spawn monster count
 E = Non-spawn monster count
 F = Spawn count percentage of total count
 G = Total turns spent on level
                    A         B        C        D         E        F      G
               +---------+---------+-------+---------+---------+-------+---------
         Total |       0 |     175 |   0.0 |       0 |      60 |   0.0 |  2822
               +---------+---------+-------+---------+---------+-------+---------
           D:1 |       0 |      48 |   0.0 |       0 |      32 |   0.0 |  1381
           D:2 |       0 |      93 |   0.0 |       0 |      23 |   0.0 |  1335
           D:3 |       0 |      34 |   0.0 |       0 |       5 |   0.0 |   106
               +---------+---------+-------+---------+---------+-------+---------
